 Dungeon Crawl Stone Soup version 0.29.1-15-g9cfb28693d (webtiles) character file.

Game seed: 775465699070936053

1 ArizonaTea the Grasshopper (level 1, -2/13 HPs)
             Began as a Merfolk Wanderer on Apr 7, 2023.
             Slain by a hobgoblin (3 damage)
             ... on level 1 of the Dungeon.
             The game lasted 00:00:15 (21 turns).

ArizonaTea the Grasshopper (Merfolk Wanderer)         Turns: 21, Time: 00:00:16

Health: -2/13      AC:  2    Str:  9    XL:     1   Next: 20%
Magic:  3/3        EV: 10    Int: 11    God:
Gold:   0          SH:  4    Dex: 16    Spells: 3/4 levels left

rFire   . . .      SeeInvis .   a - +0 short sword
rCold   . . .      Faith    .   b - +0 buckler
rNeg    . . .      Spirit   .   d - +0 robe
rPois   .          Reflect  .   (no helmet)
rElec   .          Harm     .   (no cloak)
rCorr   .          Rampage  .   (no gloves)
Will    .....                   (no boots)
Stlth   +.........              (no amulet)
HPRegen 0.04/turn               (no ring)
MPRegen 0.08/turn               (no ring)

@: no status effects
A: (nimble swimmer 2), mertail
a: no special abilities


You were on level 1 of the Dungeon.
You visited 1 branch of the dungeon, and saw 1 of its levels.

Inventory:

Hand Weapons
 a - a +0 short sword (weapon)
Armour
 b - a +0 buckler (worn)
 d - a +0 robe (worn)
Potions
 c - a potion of berserk rage


   Skills:
 + Level 1.2 Short Blades
 + Level 2.0 Shields
 + Level 2.1 Spellcasting
 + Level 3.2 Translocations
 + Level 1.0 Evocations


You had 3 spell levels left.
You knew the following spells:

 Your Spells              Type           Power      Damage    Failure   Level
a - Apportation           Tloc           16%        N/A       10%         1

Your spell library contained the following spells:

 Spells                   Type           Power      Damage    Failure   Level
 Blink                    Tloc           16%        N/A       16%         2
 Portal Projectile        Hex/Tloc       8%         N/A       52%         3


Dungeon Overview and Level Annotations

Branches:
Dungeon (1/15)

Altars:


Innate Abilities, Weirdness & Mutations

((You are very nimble when in or above water. (Stealth+, EV+, Speed+++)))
Your lower body shifts to a powerful aquatic tail in water.


Message History

The kobold shouts!
The kobold throws a stone.
The stone completely misses you.
A goblin, a dart slug and a hobgoblin come into view.
Found 9 gold pieces.
The kobold throws a stone.
The stone hits you but does no damage.
The kobold throws a stone.
The stone closely misses you.
Found a scratched iron ring.
The kobold hits you with a +0 dagger. The goblin barely misses you.
You block the goblin's attack.
You hit the hobgoblin.
The hobgoblin is almost dead.
The hobgoblin barely misses you. The goblin hits you with a +0 club.
The kobold closely misses you.
You closely miss the goblin. The hobgoblin barely misses you.
The goblin hits you with a +0 club. The kobold closely misses you.
You hit the goblin.
The goblin is severely wounded.
The kobold hits you but does no damage. The hobgoblin barely misses you.
You block the goblin's attack.
You hit the goblin.
You kill the goblin!
You block the kobold's attack. The hobgoblin hits you.
The hobgoblin hits you but does no damage.
The kobold hits you but does no damage. The dart slug launches a dart at you.
The slug dart hits you.
* * * LOW HITPOINT WARNING * * *
Things that are here:
a +0 club; a goblin corpse You block the kobold's attack.
The hobgoblin attacks as you move away!
The hobgoblin hits you but does no damage.
The kobold misses you.
You barely miss the hobgoblin.
The hobgoblin is severely wounded.
The hobgoblin barely misses you. The kobold barely misses you.
You hit the hobgoblin.
The hobgoblin is almost dead.
The hobgoblin hits you.
You die...

....###.≈≈.#
#...#.≈≈.# ..
#.<.#....#..#
#...#....#..# #
###......#..#..
####...#.....
#####....)#
#..$......#####
.#....@g)?......
.......wK.......#
.......#........#
.......#........#
.......#........#
.....###.........
..... #....#....
..... =....#....
.....# ...


You could see a dart slug, a hobgoblin and a kobold.

Vanquished Creatures
  A goblin (D:1)
1 creature vanquished.

Notes
Turn   | Place    | Note
-------+----------+-------------------------------------------
     0 | D:1      | ArizonaTea the Merfolk Wanderer began the quest for the
                  | Orb.
     0 | D:1      | ArizonaTea set off with the following items: a +0 short
                  | sword, a +0 buckler, a potion of berserk rage, a +0 robe;
                  | and the following spell memorised: Apportation; and the
                  | following spells available to memorise: Blink, Portal
                  | Projectile.
     0 | D:1      | Reached XP level 1. HP: 13/13 MP: 3/3
    21 | D:1      | Slain by a hobgoblin

Illustrated notes

Levels and vault maps discovered:
D:1:      amcnicky_arrival_double_pillar, layout_basic,
          ebering_ecumenical_altar_box, minivault_11

Action                   || total
-------------------------++-------
Melee: Short sword       ||     6
Armor: Robe              ||     5
Dodge: Dodged            ||    11
Block: Buckler           ||     4
